 Dungeon Crawl Stone Soup version 0.25.1-2-g60ff931df9 (webtiles) character file.

Game seed: 13347100168856706836

63791 holesumchungus100 the Tortoise (level 14, -5/132 HPs)
             Began as a Minotaur Monk on Sept 16, 2020.
             Was a High Priest of Qazlal.
             Slain by a water elemental (11 damage)
             ... on level 15 of the Dungeon.
             The game lasted 02:15:51 (20085 turns).

holesumchungus100 the Tortoise (Minotaur Monk)     Turns: 20085, Time: 02:15:51

Health: -5/132     AC: 21    Str: 21    XL:     14   Next: 69%
Magic:  17/17      EV: 17    Int:  7    God:    Qazlal [*****.]
Gold:   676        SH:  7    Dex: 18    Spells: 10/19 levels left

rFire    . . .     SeeInvis .   a - +5 trident (venom) {R*dditor Slayer}
rCold    x . .     Gourm    .   (no shield)
rNeg     . . .     Faith    .   x - +4 chain mail {rPois} {100 Wholesome /r/eyebleach armor}
rPois    +         Spirit   .   (helmet restricted)
rElec    .         Reflect  .   (no cloak)
rCorr    .         Harm     .   m - +2 pair of gloves {300 Bucks}
MR       +....                  (no boots)
Stlth    ..........             r - amulet of magic regeneration
HPRegen  0.32/turn              C - ring "Dezuo" {rPois rC- Dex+5 Slay+3}
MPRegen  0.40/turn              E - ring of wizardry

@: engulfed (cannot breathe), repel missiles
A: retaliatory headbutt, horns 2
a: Upheaval, Elemental Force, Disaster Area, Renounce Religion


You were on level 15 of the Dungeon.
You worshipped Qazlal.
Qazlal was extremely pleased with you.
You were not hungry.

You visited 2 branches of the dungeon, and saw 16 of its levels.

You collected 1392 gold pieces.
You spent 716 gold pieces at shops.

Inventory:

Hand Weapons
 a - a +5 trident of venom (weapon) {R*dditor Slayer}
 b - the +6 arbalest "Damnation" {damnation, Damn Daniel}
   (You found it on level 5 of the Dungeon)
Armour
 m - a +2 pair of gloves (worn) {300 Bucks}
 x - a +4 chain mail of poison resistance (worn) {100 Wholesome /r/eyebleach armor}
Magical Staves
 U - an uncursed staff of poison
Jewellery
 f - a cursed ring of teleportation {unknown}
 l - an uncursed ring of resist corrosion
 r - an amulet of magic regeneration (around neck)
 w - an uncursed ring of flight
 y - a +6 ring of dexterity {unknown}
 C - the ring "Dezuo" (left hand) {rPois rC- Dex+5 Slay+3}
   (You found it on level 11 of the Dungeon)

   [ring of poison resistance]

   It affects your dexterity (+5).
   It affects your accuracy and damage with ranged weapons and melee attacks
   (+3).
   It makes you vulnerable to cold.
   It protects you from poison.
 E - a ring of wizardry (right hand)
 J - an uncursed ring of protection from fire {unknown}
 K - a cursed ring of teleportation {unknown}
 M - an uncursed ring of ice {unknown}
 N - an uncursed ring of protection from fire {unknown}
 Q - a +4 ring of protection {unknown}
 R - an uncursed amulet of the acrobat {unknown}
Wands
 d - a wand of acid (4)
 h - a wand of enslavement (8)
 k - a wand of paralysis (7)
 B - a wand of random effects (30)
 H - a wand of iceblast (4)
 L - a wand of digging (10)
Scrolls
 e - 7 scrolls of remove curse
 g - a scroll of amnesia
 n - 5 scrolls of immolation
 o - 2 scrolls of fear
 q - a scroll of silence {unknown}
 v - 9 scrolls of teleportation
 z - 2 scrolls of blinking
 O - 5 scrolls of identify
 S - a scroll of magic mapping
 T - a scroll of torment
Potions
 i - 2 potions of lignification
 j - a potion of degeneration {unknown}
 p - 3 potions of haste
 s - 2 potions of stabbing
 t - 2 potions of mutation
 u - a potion of ambrosia {unknown}
 A - a potion of brilliance {unknown}
 F - 2 potions of might
 G - a potion of invisibility
Miscellaneous
 P - a tin of tremorstones (3/3)
Comestibles
 c - 13 rations


   Skills:
 - Level 14.2 Fighting
 - Level 10.3 Polearms
 - Level 9.0 Crossbows
 * Level 15.6 Armour
 - Level 14.1 Dodging
 - Level 1.5 Stealth
 - Level 3.2 Spellcasting
 - Level 2.0 Conjurations


You had 10 spell levels left.
You knew the following spells:

 Your Spells              Type           Power        Failure   Level  Hunger
a - Lightning Bolt        Conj/Air       #.........   100%        5    ######.
b - Summon Ice Beast      Ice/Summ       #.......     99%         4    #####..

Your spell library contained the following spells:

 Spells                   Type           Power        Failure   Level  Hunger
 Foxfire                  Conj/Fire      #...         38%         1    ##.....
 Animate Skeleton         Necr           N/A          52%         1    ##.....
 Freeze                   Ice            #...         52%         1    ##.....
 Infusion                 Chrm           #...         52%         1    ##.....
 Pain                     Necr           #...         52%         1    ##.....
 Poisonous Vapours        Pois/Air       #.....       65%         2    ###....
 Shroud of Golubria       Chrm/Tloc      #.....       65%         2    ###....
 Song of Slaying          Chrm           #.......     65%         2    ###....
 Conjure Flame            Conj/Fire      #.......     75%         3    ####...
 Mephitic Cloud           Conj/Pois/Air  #.......     80%         3    ####...
 Frozen Ramparts          Ice            #.....       86%         3    ####...
 Inner Flame              Hex/Fire       #.......     86%         3    ####...
 Ozocubu's Armour         Chrm/Ice       #.......     86%         3    ####...
 Spectral Weapon          Hex/Chrm       #.......     86%         3    ####...
 Vampiric Draining        Necr           #.........   86%         3    ####...
 Hailstorm                Conj/Ice       #.......     98%         4    #####..
 Sticky Flame             Conj/Fire      #.......     98%         4    #####..
 Animate Dead             Necr           N/A          99%         4    #####..
 Agony                    Necr           #.......     100%        5    ######.
 Fireball                 Conj/Fire      #.........   100%        5    ######.
 Irradiate                Conj/Tmut      #.........   100%        5    ######.


Dungeon Overview and Level Annotations

Branches:
Dungeon (15/15)            Temple (0/1) D:4            Lair (0/6) D:10
    Orc (0/2) D:9          Vaults (0/5) D:14         Depths (1/5) D:15

Altars:
Ashenzari
Cheibriados
Dithmenos
Gozag
Hepliaklqana
Kikubaaqudgha
Makhleb
Nemelex Xobeh
Qazlal
Trog
Yredelemnul
Zin
The Shining One

Shops:
D:5 %=(=:   D:9 %:*((?   D:11 *


Innate Abilities, Weirdness & Mutations

You reflexively headbutt those who attack you in melee.
You have a pair of horns on your head.


Message History

Your lungs strain for air!
The water elemental closely misses you. You furiously retaliate!
You headbutt the water elemental! You hit the water elemental.
The water elemental is almost destroyed.
* * * LOW HITPOINT WARNING * * *
Your lungs strain for air!
The water elemental closely misses you.
You completely miss the water elemental.
Your headbutt misses the water elemental.
The water elemental is almost destroyed.
* * * LOW HITPOINT WARNING * * *
Your lungs strain for air!
You block the water elemental's attack.
Okay, then.
You feel better.
* * * LOW HITPOINT WARNING * * *
Your lungs strain for air!
The water elemental hits you!
You die...

####### #......#....###.. ......#
######.#.........
#####.############.....#...#####.
#...........<#..#.#.#.## #.
##############.#...#...### #.
#####.....#....^###.
#.....#..⌠#.###..... ##
#.####.####[# #####. .#
#######.#@○§#.....### #. .#
#.......#.E...#.)...# #. .#
#.###...#○..#.#.###.## #. .# #.#
##.#.#.#..#.##.#.####. .# #.#
#...#.....#...###..... .# #.#
#...#.########.#.##### .#
#.###...#...#..####.## .#
#.........###........# .#
######.....[.....##..##


You could see a water elemental.

Vanquished Creatures
  An ironheart preserver (D:14)
  Nessos (D:14)
  Azrael (D:14)
  An ettin (D:15)
  Snorg (D:12)
  A fire dragon (D:11)
  Harold (D:8)
  4 hydras
  A catoblepas (D:13)
  7 two-headed ogres
  2 centaur warriors (D:14)
  An ogre mage (D:15)
  6 tengu warriors
  A deep elf knight (D:15)
  Sonja (D:10)
  An orc knight (D:14)
  A salamander (shapeshifter) (D:14)
  An orc sorcerer (D:15)
  9 ugly things
  2 centaur zombies
  2 cyclopes
  4 deep elf magi
  3 manticores
  A gargoyle (D:10)
  Maggie (D:8)
  A kobold demonologist (D:14)
  2 hornets
  3 meliai
  A tengu conjurer (D:15)
  3 trolls
  A hornet (shapeshifter) (D:15)
  8 slime creatures (D:15)
  5 hippogriffs
  3 wraiths
  3 wyverns
  3 water elementals (D:15)
  9 yaks
  Grum (D:7)
  A human (shapeshifter) (D:13)
  2 shadows
  5 fire elementals (D:14)
  2 basilisks
  2 steam dragons
  2 hungry ghosts
  A vampire mosquito (D:11)
  2 acid dragons
  A soldier ant (shapeshifter) (D:14)
  2 soldier ants
  2 hell hounds (D:14)
  A water moccasin (D:10)
  7 orc warriors
  A sky beast (shapeshifter) (D:15)
  4 ice beasts
  An eye of draining (D:13)
  2 sky beasts
  A necrophage (D:6)
  6 ogres
  5 phantoms
  2 wolves (D:7)
  10 centaurs
  A big kobold (D:6)
  11 bullfrogs
  3 gnoll sergeants (D:7)
  A water moccasin zombie (D:6)
  A wyvern skeleton (D:10)
  2 scorpions
  5 killer bees (D:10)
  12 wights
  3 howler monkeys
  11 crimson imps
  6 centaur skeletons
  A gnoll shaman (D:7)
  15 hounds
  2 quasits
  13 orc priests
  3 jellies
  14 orc wizards
  3 bullfrog skeletons
  2 iguanas
  5 worker ants
  Terence (D:2)
  A howler monkey zombie (D:7)
  Robin (D:1)
  10 adders
  27 gnolls
  A howler monkey skeleton (D:4)
  3 shadow imps
  2 oozes
  2 worms
  2 dart slugs
  5 leopard geckos
  38 orcs
  2 ball pythons
  3 giant cockroaches
  2 gnoll zombies (D:3)
  10 goblins
  6 hobgoblins
  25 jackals
  7 kobolds
  8 quokkas
  6 bats
  2 frilled lizards
  8 rats
446 creatures vanquished.

Vanquished Creatures (collateral kills)
  A fire dragon (D:10)
  A centaur zombie (D:7)
  A leopard gecko (D:7)
3 creatures vanquished.

Grand Total: 449 creatures vanquished

Notes
Turn   | Place    | Note
-------+----------+-------------------------------------------
     0 | D:1      | holesumchungus100 the Minotaur Monk began the quest for the
                  | Orb.
     0 | D:1      | Reached XP level 1. HP: 19/19 MP: 0/0
   301 | D:1      | Reached XP level 2. HP: 28/28 MP: 1/1
   821 | D:2      | Noticed Robin
   824 | D:1      | Killed Robin
   824 | D:1      | Reached skill level 5 in Fighting
   824 | D:1      | Reached XP level 3. HP: 35/36 MP: 2/2
   962 | D:2      | Noticed Terence
   972 | D:2      | Killed Terence
   972 | D:2      | Reached XP level 4. HP: 44/44 MP: 3/3
  1216 | D:2      | Found a stormy altar of Qazlal.
  1232 | D:2      | Became a worshipper of Qazlal Stormbringer
  1232 | D:2      | Reached * piety under Qazlal
  1232 | D:2      | Reached ** piety under Qazlal
  1382 | D:2      | Found a bloodstained altar of Trog.
  1383 | D:2      | Found a glowing silver altar of Zin.
  1384 | D:2      | Found a shadowy altar of Dithmenos.
  1818 | D:3      | Reached XP level 5. HP: 44/52 MP: 4/4
  1909 | D:3      | Found a glowing golden altar of the Shining One.
  2155 | D:3      | Reached skill level 1 in Armour
  2164 | D:3      | Reached skill level 2 in Armour
  2758 | D:3      | Found a basalt altar of Yredelemnul.
  2861 | D:4      | Reached skill level 3 in Armour
  2932 | D:4      | Reached skill level 4 in Armour
  2932 | D:4      | Reached XP level 6. HP: 44/60 MP: 5/5
  2952 | D:4      | Found a staircase to the Ecumenical Temple.
  3161 | D:4      | Reached skill level 5 in Armour
  3198 | D:4      | Reached skill level 6 in Armour
  3198 | D:4      | Reached XP level 7. HP: 32/66 MP: 6/6
  3299 | D:4      | Reached *** piety under Qazlal
  3433 | D:4      | Reached skill level 7 in Armour
  3682 | D:4      | Found a hazy altar of Hepliaklqana.
  3848 | D:5      | Entered Level 5 of the Dungeon
  3853 | D:5      | Found Taeptaad's Jewellery Shop.
  3890 | D:5      | Reached skill level 8 in Armour
  4151 | D:5      | Found Udaecosm's Food Emporium.
  4189 | D:5      | Bought a ration for 50 gold pieces
  4189 | D:5      | Bought a ration for 50 gold pieces
  4189 | D:5      | Bought a ration for 50 gold pieces
  4189 | D:5      | Bought a ration for 50 gold pieces
  4382 | D:5      | Identified the Tome of Mutagenic Weightlessness
  4502 | D:5      | Found Ritwey's Book Emporium.
  4575 | D:5      | Found the +6 arbalest "Damnation" {damnation}
  4578 | D:5      | Found Uledoif's Antique Weapon Boutique.
  4615 | D:5      | Found Ragohiti's Jewellery Boutique.
  5109 | D:6      | Reached XP level 8. HP: 53/74 MP: 7/7
  5522 | D:6      | Found an opulent altar of Gozag.
  5637 | D:6      | Found a shattered altar of Ashenzari.
  5637 | D:6      | Found a snail-covered altar of Cheibriados.
  5968 | D:6      | Found a shattered altar of Ashenzari.
  6011 | D:6      | Found a sparkling altar of Nemelex Xobeh.
  6141 | D:6      | Reached **** piety under Qazlal
  6146 | D:6      | Reached skill level 10 in Fighting
  6321 | D:7      | Noticed a hippogriff
  6329 | D:7      | Killed a hippogriff
  6329 | D:7      | Reached XP level 9. HP: 86/89 MP: 3/8
  6887 | D:7      | Reached skill level 9 in Armour
  7099 | D:7      | Reached skill level 10 in Armour
  7454 | D:7      | Noticed Grum
  7464 | D:7      | Killed Grum
  7723 | D:8      | Reached skill level 11 in Armour
  7890 | D:8      | Noticed Maggie
  7905 | D:8      | Killed Maggie
  7905 | D:8      | Reached XP level 10. HP: 51/100 MP: 9/9
  8118 | D:8      | Found a burning altar of Makhleb.
  8511 | D:8      | Reached skill level 12 in Armour
  8769 | D:8      | Found an ancient bone altar of Kikubaaqudgha.
  8777 | D:8      | Noticed Harold
  8810 | D:8      | Killed Harold
  9183 | D:9      | Noticed a two-headed ogre
  9204 | D:9      | Killed a two-headed ogre
  9204 | D:9      | Reached skill level 5 in Polearms
  9626 | D:9      | Found Qarhaodd's Antique Weapon Shop.
  9626 | D:9      | Found Wyexa's Magic Scroll Shop.
  9627 | D:9      | Noticed a two-headed ogre
  9651 | D:9      | Killed a two-headed ogre
  9716 | D:9      | Found Kecul's Book Shop.
  9725 | D:9      | Found Woxiniq's Food Shop.
 10080 | D:9      | Found Uguyr's Assorted Antiques.
 10353 | D:9      | Found Yrghulaimn's Weapon Emporium.
 10423 | D:9      | Bought a scroll of identify for 20 gold pieces
 10423 | D:9      | Bought a scroll of remove curse for 30 gold pieces
 10423 | D:9      | Bought a scroll of identify for 20 gold pieces
 10797 | D:9      | Bought 3 scrolls of identify for 180 gold pieces
 11061 | D:9      | Found a staircase to the Orcish Mines.
 11204 | D:10     | Entered Level 10 of the Dungeon
 11232 | D:10     | Noticed Sonja
 11236 | D:10     | Killed Sonja
 11236 | D:10     | Reached ***** piety under Qazlal
 11236 | D:10     | Reached XP level 11. HP: 99/106 MP: 10/10
 11246 | D:10     | Noticed a two-headed ogre
 11256 | D:10     | Killed a two-headed ogre
 11256 | D:10     | Reached skill level 5 in Dodging
 11613 | D:10     | Noticed a white ugly thing
 11629 | D:10     | Killed a white ugly thing
 11762 | D:10     | Found a staircase to the Lair.
 11762 | D:10     | Noticed a fire dragon
 11784 | D:10     | Killed a fire dragon
 12372 | D:11     | Noticed a two-headed ogre
 12380 | D:11     | Killed a two-headed ogre
 12452 | D:11     | Reached skill level 10 in Dodging
 12492 | D:11     | Noticed a six-headed hydra
 12503 | D:11     | Killed a six-headed hydra
 12781 | D:11     | Reached skill level 5 in Crossbows
 12812 | D:11     | Noticed a fire dragon
 12828 | D:11     | Killed a fire dragon
 12828 | D:11     | Reached XP level 12. HP: 77/113 MP: 11/11
 12860 | D:11     | Noticed a tengu warrior
 12882 | D:11     | Killed a tengu warrior
 13019 | D:11     | Noticed a four-headed hydra
 13029 | D:11     | Killed a four-headed hydra
 13318 | D:11     | Noticed a two-headed ogre
 13326 | D:11     | Killed a two-headed ogre
 13505 | D:11     | Reached skill level 10 in Polearms
 13505 | D:11     | Reached skill level 13 in Armour
 13505 | D:11     | Reached XP level 13. HP: 124/124 MP: 12/12
 13583 | D:11     | Found Zipsogar's Assorted Antiques.
 13595 | D:11     | Bought a scroll of enchant armour for 210 gold pieces
 13595 | D:11     | Bought a scroll of identify for 56 gold pieces
 14001 | D:11     | Got a wavering jade ring
 14013 | D:11     | Learned a level 5 spell: Lightning Bolt
 14143 | D:12     | Noticed Snorg
 14150 | D:12     | Killed Snorg
 14150 | D:12     | Reached skill level 1 in Spellcasting
 14318 | D:12     | Learned a level 4 spell: Summon Ice Beast
 15438 | D:13     | Reached skill level 1 in Conjurations
 15579 | D:13     | Reached skill level 14 in Armour
 15973 | D:13     | Identified the ring "Dezuo" {rPois rC- Dex+5 Slay+3} (You
                  | found it on level 11 of the Dungeon)
 16709 | D:14     | Reached skill level 15 in Armour
 16738 | D:14     | Reached XP level 14. HP: 64/132 MP: 17/17
 16789 | D:14     | Noticed Nessos
 16794 | D:14     | Killed Nessos
 17304 | D:14     | Noticed an ironheart preserver
 17320 | D:14     | Killed an ironheart preserver
 17375 | D:14     | Found a gate to the Vaults.
 17486 | D:14     | Noticed Azrael
 17535 | D:14     | Killed Azrael
 18123 | D:14     | You fall into a shaft and drop 1 floor!
 18123 | D:15     | Entered Level 15 of the Dungeon
 19819 | D:15     | Found a staircase to the Depths.
 20059 | Depths:1 | Entered Level 1 of the Depths
 20085 | D:15     | HP: 6/132 [drowned by a water elemental (11)]
 20085 | D:15     | Slain by a water elemental

Illustrated notes

Levels and vault maps discovered:
D:1:      tarquinn_simple_flora_water_e, layout_basic, grunt_decor_cap,
          minmay_rat_gold_closets
D:2:      layout_loops_cross, grunt_qazlal_clouds,
          chequers_temple_overflow_statue_of_worship, uniq_robin, uniq_terence
D:3:      layout_basic, lemuel_zombie_altar_yredelemnul, tso_metal_star
D:4:      layout_loops_ring, lemuel_round_altar, temple_pool_b
D:5:      layout_loops_corners, serial_shops, nicolae_shop_statue_plus, shop,
          shop, kennysheep_mini_moat, shop, first_ration, dk_rats_in_the_wall
D:6:      layout_loops_cross, nemelex_xobeh_ov_fountains_minmay,
          nicolae_gozag_cash_rules_everything_around_me,
          gammafunk_temple_overflow_statue, ashenzari_altar_1
D:7:      layout_cave_pools, serial_gnoll_camp, gnoll_camp_mini_doghouse,
          gnoll_camp_mini_hut, gnoll_camp_mini_house, gnoll_camp_mini_doghouse,
          gnoll_camp_medium_02, grums_kennel
D:8:      layout_basic, kennysheep_little_box, lemuel_doored_altar, uniq_harold,
          uniq_maggie
D:9:      layout_cave_pods, orc_0_dummy, serial_shops, shop_statue, shop,
          minmay_shop_grid_forest, hangedman_pestilent_swarm
D:10:     layout_roguey, minmay_lair_entry_lava, uniq_sonja
D:11:     minmay_the_grid_net [minmay_the_grid_dragon_b,
          minmay_the_grid_square_x, minmay_the_grid_expand,
          minmay_the_grid_slots, minmay_the_grid_mess,
          minmay_the_grid_prize_trominoes], layout_basic, serial_shops, shop
D:12:     layout_stronghold, uniq_snorg
D:13:     layout_loops_ring
D:14:     layout_irregular_city, skrybe_vaults_entry_preservation,
          hangedman_decor_opposing, uniq_nessos, uniq_azrael
D:15:     hangedman_depths_entry_civil_slaughter, layout_loops_ring,
          moated_statue
Depths:1: gammafunk_the_bubble [the_bubble_gammafunk_split], layout_basic,
          hangedman_coc_ice_floe, hangedman_decor_riveting, dk_noncrumbling_4,
          nicolae_blasting_shop, kennysheep_generic_room_14, firewood_loft

Skill      XL: |  1  2  3  4  5  6  7  8  9 10 11 12 13 14 |
---------------+-------------------------------------------+-----
Fighting       | 4 5 6 7 11 12 14 | 14.2
Armour         | 4 6 8 11 12 13 15 | 15.6
Polearms       | 9 10 | 10.3
Dodging        | 4 10 14 | 14.1
Crossbows      | 6 9 |  9.0
Spellcasting   | 3 |  3.2
Conjurations   | 2 |  2.0
Stealth        | |  1.5

Action                   |  1- 3 |  4- 6 |  7- 9 | 10-12 | 13-15 || total
-------------------------+-------+-------+-------+-------+-------++-------
Melee: Spear             |    47 |       |       |       |       ||    47
       Headbutt          |    17 |    23 |    65 |    99 |   159 ||   363
       Trident           |    28 |    39 |   283 |   358 |   522 ||  1230
       Mace              |       |    97 |    27 |       |       ||   124
 Fire: Arbalest          |       |       |       |    30 |    14 ||    44
Throw: Dart              |       |       |    12 |     5 |       ||    17
Invok: Upheaval          |       |       |     1 |     1 |     1 ||     3
       Elemental Force   |       |       |     1 |     2 |     1 ||     4
       Disaster Area     |       |       |       |       |     2 ||     2
Evoke: Wand              |       |       |       |     1 |     2 ||     3
       Box of beasts     |       |       |       |       |     1 ||     1
  Use: Scroll            |       |    14 |     2 |     9 |    10 ||    35
       Potion            |       |       |     1 |     4 |     3 ||     8
 Stab: Distracted        |       |       |       |     1 |       ||     1
  Eat: Chunk             |       |     2 |     7 |     1 |       ||    10
       Ration            |       |     2 |     2 |     7 |     7 ||    18
Armor: Chain mail        |    57 |    78 |   231 |   201 |   215 ||   782
Dodge: Dodged            |    20 |    50 |   163 |   191 |   263 ||   687
       Repelled          |       |       |    11 |    16 |    14 ||    41
Block: Other             |       |    21 |    92 |   118 |   141 ||   372
